 Dungeon Crawl Stone Soup version 0.32-a0-953-g508020473e (webtiles) character file.

Game seed: 16456439608074708089

1439 jasper the Spear-Bearer (level 8, -1/58 HPs)
             Began as a Merfolk Fighter on Apr 16, 2024.
             Was a Follower of Okawaru.
             Slain by Duvessa
             ... wielding a +0 rapier
              (10 damage)
             ... on level 6 of the Dungeon.
             The game lasted 00:06:33 (3388 turns).

jasper the Spear-Bearer (Merfolk Fighter)           Turns: 3388, Time: 00:06:34

Health: -1/58      AC: 10    Str: 16    XL:     8   Next: 74%
Magic:  6/8        EV: 11    Int:  8    God:    Okawaru [*.....]
Gold:   158        SH:  6    Dex: 15    Spells: 7/7 levels left

rFire   . . .        a - +0 trident
rCold   . . .        c - +0 buckler
rNeg    . . .        m - +3 ring mail
rPois   .            z - +0 helmet
rElec   .            (no cloak)
rCorr   .            (no gloves)
SInv    +            (no boots)
Will    .....        (no amulet)
Stlth   ++           j - ring of see invisible
HPRegen 0.29/turn    (no ring)
MPRegen 0.11/turn

%: no passive effects
@: mighty, heroic, weakened
A: (nimble swimmer 2), mertail
a: Renounce Religion, Heroism


You were on level 6 of the Dungeon.
You worshipped Okawaru.
Okawaru was aware of your devotion.
You visited 1 branch of the dungeon, and saw 5 of its levels.
You also visited: Sewer.

You collected 158 gold pieces.

Inventory:

Hand Weapons
 a - a +0 trident (weapon)
Missiles
 h - 19 stones (quivered)
 i - a throwing net
 q - 13 poisoned darts
Armour
 c - a +0 buckler (worn)
 m - a +3 ring mail (worn)
 p - a +1 hat
 z - a +0 helmet (worn)
Jewellery
 j - a ring of see invisible (left hand)
 n - a ring of wizardry
Wands
 o - a wand of flame (12)
 w - a wand of iceblast (7)
 x - a wand of charming (12)
Scrolls
 s - a scroll of revelation
 v - a scroll of fog
 y - a scroll of enchant armour {unknown}
 A - a scroll of enchant weapon {unknown}
Potions
 e - a potion of degeneration
 f - a potion of lignification
 k - a potion of brilliance {unknown}
 l - a potion of cancellation {unknown}
 r - a potion of invisibility {unknown}
 t - 2 potions of enlightenment


   Skills:
 - Level 3.2(8.2) Fighting
 + Level 13.7(18.7) Polearms
 - Level 2.1(7.1) Armour
 - Level 3.0(8.0) Shields


You had 7 spell levels left.
You didn't know any spells.
Your spell library contained the following spells:

 Spells                   Type           Power      Damage    Failure   Level
 Ensorcelled Hibernation  Hex/Ice        0%         N/A       80%         2
 Passwall                 Erth           0%         N/A       95%         3
 Swiftness                Air            0%         N/A       95%         3


Dungeon Overview and Level Annotations

Branches:
Dungeon (4/15)             Temple (0/1) D:6           Sewer (visited)

Altars:
Dithmenos
Okawaru
Wu Jian

Annotations:
D:4 2 transporters, MrSquiggles's ghost, amateur MDFi
D:6 Dowan; Duvessa


Innate Abilities, Weirdness & Mutations

((You are very nimble when in or above water. (Stealth+, EV+, Speed+++)))
Your lower body shifts to a powerful aquatic tail in water.


Message History

The gnoll bouda gazes fiercely through you!
You feel your attacks grow feeble. The killer bee misses you.
You puncture the killer bee!
You kill the killer bee!
Okawaru accepts your kill.
The orc wizard casts a spell.
The orc wizard flickers and vanishes for a moment.
You puncture the adder!
The adder is severely wounded.
The adder barely misses you.
You barely miss the adder.
The adder is severely wounded.
You puncture the adder!
You kill the adder!
Okawaru accepts your kill.
Dowan gestures wildly while chanting.
Dowan blinks!
You closely miss Duvessa. You impale Duvessa!!
Duvessa is heavily wounded.
The gnoll bouda gazes fiercely through you!
You feel as though you will be weak longer.
Duvessa hits you with a +0 rapier.
* * * LOW HITPOINT WARNING * * *
You take 6 damage, and have 16/58 hp.
You completely miss Duvessa.
Duvessa is heavily wounded.
You feel like a meek peon again.
You gain the combat prowess of a mighty hero.
Duvessa hits you with a +0 rapier!
* * * LOW HITPOINT WARNING * * *
You take 8 damage, and have 9/58 hp.
You now have 6/8 mp.
You hit Duvessa.
Duvessa is severely wounded.
You block Duvessa's attack.
You puncture Duvessa!
Duvessa is almost dead.
Duvessa hits you with a +0 rapier!
You die...

##*,,,**,$#*,,*#.#*,,,*,,,,,***,*
.#*,**,,*#[.##...'...!..,,,,* *,*
.#*,**,,*#..##...##...#.,,,,**#.#
.#*,,,**,.##..##.####.#.⌠,,⌠,*#.#
.#*,,,**,.##.e##.######.,,,,,##.#
.#*,**,,*#..##ogo#######****,,#.#
.#*,**,,*#..##oox####### **,#.#
.#*,,,***#######e####### **#.#
.#,,,,*#########@####### ##.#
.#+#####..######.)...### #..#
.#.#..##..##########.### #.##
.#.#..#.##.#########'### ####'#
.#.....####....####....####....##
.#......##..†...##......##......#
....#.......#.......#.......#....
...####....####....####....####..
...#**#....#*##....####....####..


You could see an unseen horror (invisible), Duvessa, Dowan, a gnoll bouda, an
orc wizard (invisible) and 2 orcs.

Vanquished Creatures
  A komodo dragon (D:6)
  A water moccasin (D:6)
  An ice beast (D:6)
  3 black bears (D:6)
  An ogre (D:6)
  2 kobold brigands (Sewer)
  A scorpion (D:6)
  A killer bee (D:6)
  A bombardier beetle (D:6)
  A sleepcap (D:6)
  An iguana (D:6)
  Ijyb (D:3)
  4 gnolls
  4 river rats
  13 adders
  4 ribbon worms
  A dart slug (D:2)
  2 orcs (D:6)
  8 ball pythons
  4 bats
  2 endoplasms
  A giant cockroach (D:1)
  8 goblins
  7 hobgoblins
  8 jackals
  8 frilled lizards
  6 kobolds
  7 rats
102 creatures vanquished.

Notes
Turn   | Place    | Note
-------+----------+-------------------------------------------
     0 | D:1      | jasper the Merfolk Fighter began the quest for the Orb.
     0 | D:1      | Reached XP level 1. HP: 18/18 MP: 1/1
   140 | D:1      | Reached skill level 3 in Polearms
   269 | D:1      | Reached XP level 2. HP: 23/24 MP: 2/2
   465 | D:1      | Found a faded altar of an unknown god.
   473 | D:1      | Reached skill level 4 in Polearms
   788 | D:1      | Reached XP level 3. HP: 19/29 MP: 3/3
   841 | D:1      | Reached skill level 5 in Polearms
   902 | D:2      | Reached XP level 4. HP: 25/35 MP: 4/4
  1097 | D:2      | Reached skill level 6 in Polearms
  1325 | D:2      | Reached XP level 5. HP: 41/41 MP: 5/5
  1848 | D:3      | Reached skill level 7 in Polearms
  1942 | D:3      | Found a glowing drain.
  1978 | Sewer    | Entered a sewer
  2000 | Sewer    | HP: 2/41 [river rat (4)]
  2185 | Sewer    | Noticed a kobold brigand
  2186 | Sewer    | Noticed a kobold brigand
  2198 | Sewer    | Killed a kobold brigand
  2199 | Sewer    | Reached skill level 8 in Polearms
  2199 | Sewer    | Reached XP level 6. HP: 23/47 MP: 6/6
  2202 | Sewer    | Reached skill level 9 in Polearms
  2339 | Sewer    | Found a white marble altar of Elyvilon.
  2554 | D:3      | Found an ornate altar of the Wu Jian Council.
  2711 | D:3      | Noticed Ijyb
  2723 | D:3      | Killed Ijyb
  2726 | D:3      | Found an iron altar of Okawaru.
  2726 | D:3      | Found a shadowy altar of Dithmenos.
  2738 | D:3      | Became a worshipper of Warmaster Okawaru
  2976 | D:4      | Found a transporter.
  2980 | D:4      | Noticed MrSquiggles's ghost (amateur MDFi)
  2992 | D:4      | Found a transporter.
  2994 | D:4      | You fall into a shaft and drop 2 floors!
  3093 | D:6      | Noticed an ice beast
  3101 | D:6      | Killed an ice beast
  3102 | D:6      | Reached skill level 10 in Polearms
  3102 | D:6      | Reached XP level 7. HP: 37/52 MP: 7/7
  3326 | D:6      | Reached * piety under Okawaru
  3327 | D:6      | Reached skill level 11 in Polearms
  3330 | D:6      | Noticed a komodo dragon
  3342 | D:6      | Reached skill level 12 in Polearms
  3342 | D:6      | Reached XP level 8. HP: 44/58 MP: 5/8
  3344 | D:6      | Noticed an unseen horror
  3345 | D:6      | Noticed Duvessa
  3357 | D:6      | Killed a komodo dragon
  3357 | D:6      | Noticed Dowan
  3358 | D:6      | Reached skill level 13 in Polearms
  3388 | D:6      | Slain by Duvessa

Illustrated notes

Levels and vault maps discovered:
D:1:      dpeg_arrival_three_smaller_balls, layout_basic,
          ebering_ecumenical_altar_mist, patterned_corridor
D:2:      layout_rooms, minmay_circle_x
D:3:      layout_loops_ring, general_overflow_altar, minitemple,
          lightli_sewer_entry_pipes, minmay_misc_feat_encased, uniq_ijyb
D:4:      layout_cave_pools, mainiacjoe_overflow_catwalk,
          gammafunk_ghost_stat_death, serial_shops, nicolae_shop_gaudy_bauble
D:6:      wad_guarded_room, layout_basic, old_standard_altar,
          minmay_temple_entry_mist, grunt_decor_cap, uniq_duvessa,
          uniq_crazy_yiuf_cottage

Skill      XL: |  1  2  3  4  5  6  7  8 |
---------------+-------------------------+-----
Polearms       | 3 4 5 6 8 10 12 13 | 13.7
Fighting       | |  3.2
Armour         | |  2.1
Shields        | |  3.0

Action                     |  1- 3 |  4- 6 |  7- 9 || total
---------------------------+-------+-------+-------++-------
  Melee: Trident           |    81 |   281 |   104 ||   466
         Tailslap          |       |     8 |       ||     8
         Unarmed           |       |     3 |       ||     3
  Throw: Stone             |     4 |     5 |     1 ||    10
 Invoke: Heroism           |       |       |     4 ||     4
    Use: Scroll            |     2 |     1 |     1 ||     4
         Potion            |       |     4 |     5 ||     9
 Armour: Scale mail        |    49 |    27 |       ||    76
         Ring mail         |       |   144 |    51 ||   195
         Skin              |       |     3 |       ||     3
  Dodge: Dodged            |    28 |   111 |    37 ||   176
  Block: Buckler           |    23 |    56 |    13 ||    92

Table legend: (Time is in decaauts)
 A = Elapsed time spent in this place.
 B = Non-inter-level travel time spent in this place.
 C = Inter-level travel time spent in this place.
 D = Time resting spent in this place.
 E = Time spent auto-exploring this place.
 F = Levels seen in this place.
 G = Mean time per level.
                   A        B        C        D        E       F      G
               +--------+--------+--------+--------+--------+-----+--------+
         Total |   3307 |   3189 |    118 |    258 |   2051 |   6 |  551.2 |
       Dungeon |   2877 |   2759 |    118 |    234 |   1729 |   5 |  575.4 |
         Sewer |    429 |    429 |      0 |     24 |    322 |   1 |  429.0 |
               +--------+--------+--------+--------+--------+-----+--------+

Top non-repeatable levels by time:
     D:1: 890 daAuts
     D:3: 841 daAuts
     D:2: 732 daAuts
   Sewer: 429 daAuts
     D:6: 365 daAuts
     D:4: 47 daAuts
